 Dungeon Crawl Stone Soup version 0.29-a0-393-g47a863cc1b (webtiles) character file.

Game seed: 4869544646337394009

4124 ytrimaz the Basher (level 10, 0/68 (76) HPs)
             Began as a Demonspawn Berserker on May 6, 2022.
             Was a Priest of Trog.
             Slain by an orc warrior
             ... wielding a +3 glaive of pain
              (12 damage)
             ... on level 8 of the Dungeon on May 9, 2022.
             The game lasted 00:08:32 (7205 turns).

ytrimaz the Basher (Demonspawn Berserker)           Turns: 7205, Time: 00:08:33

HP:   0/68 (76)     AC:  9    Str: 22    XL:     10   Next: 6%
MP:   10/10         EV: 15    Int:  9    God:    Trog [***...]
Gold: 464           SH:  5    Dex: 12    Spells: 9/9 levels left

rFire   + . .      SeeInvis .   z - +2 flail (drain)
rCold   + . .      Faith    .   (no shield)
rNeg    . . .      Spirit   .   g - +0 scale mail
rPois   .          Reflect  +   l - +0 helmet
rElec   .          Harm     .   f - scarf {rC+ rF+}
rCorr   .          Rampage  .   (no gloves)
Will    ++...                   (no boots)
Stlth   ..........              q - amulet of reflection
HPRegen 1.21/turn               b - +4 ring of evasion
MPRegen 0.12/turn               (no ring)

@: strong-willed, on berserk cooldown, regenerating, hasted and slowed, heavily
drained
A: hooves 2, powered by death 1, spiny 1
a: Renounce Religion, Berserk, Trog's Hand


You were on level 8 of the Dungeon.
You worshipped Trog.
Trog was most pleased with you.
You visited 2 branches of the dungeon, and saw 9 of its levels.
You also visited: Sewer.

You collected 464 gold pieces.

Inventory:

Hand Weapons
 a - a +1 mace
 y - a +0 morningstar
 z - a +2 flail of draining (weapon)
Armour
 f - a scarf of resistance (worn)
 g - a +0 scale mail (worn)
 l - a +0 helmet (worn)
Jewellery
 b - a +4 ring of evasion (left hand)
 i - a ring of ice
 q - an amulet of reflection (around neck)
 E - an amulet of guardian spirit
Wands
 x - a wand of paralysis (6)
 B - a wand of polymorph (3)
 F - a wand of flame (9)
Scrolls
 d - 2 scrolls of noise
 e - 3 scrolls of fear
 k - 2 scrolls of silence
 n - 3 scrolls of teleportation
 r - a scroll of immolation
 t - 2 scrolls of enchant weapon
 v - a scroll of amnesia
 w - 3 scrolls of enchant armour
 A - a scroll of blinking
 C - a scroll of summoning
 D - a scroll of magic mapping
 H - a scroll of vulnerability
Potions
 c - 5 potions of curing
 h - 2 potions of haste
 j - a potion of flight {unknown}
 m - a potion of cancellation {unknown}
 o - a potion of lignification {unknown}
 p - 3 potions of attraction {unknown}
 s - a potion of heal wounds {unknown}
 u - 3 potions of mutation {unknown}


   Skills:
 + Level 6.2 Fighting
 + Level 9.0 Maces & Flails
 + Level 7.1 Armour
 + Level 4.7 Dodging
 + Level 3.3 Shields


You had 9 spell levels left.
You didn't know any spells.
Your spell library was empty.

Dungeon Overview and Level Annotations

Branches:
Dungeon (8/15)             Temple (1/1) D:6           Sewer (visited)
   Lair: D:8-11

Altars:
Ashenzari
Cheibriados
Dithmenos
Elyvilon
Fedhas
Gozag
Kikubaaqudgha
Nemelex Xobeh
Okawaru
Qazlal
Ru
Sif Muna
Trog
Uskayaw
Vehumet
Wu Jian
Xom
Yredelemnul
Zin
The Shining One

Shops:
D:4 (

Annotations:
D:5 3 runed translucent doors, Foxy's ghost, novice PaFi; runemasterragnar's ghost, amateur OpFi


Innate Abilities, Weirdness & Mutations

You have hoof-like feet.
You regenerate a little health from kills.
You are partially covered in sharp spines.


Message History

The wight hits you with a +2 spear of freezing!
The orc warrior is struck by your spines.
The orc warrior closely misses you.
You are too injured to fight recklessly!
Unknown command.
Things that are here:
a +4 scimitar of freezing; a +0 robe You feel a strong urge to attack something.
You block the wight's attack.
The orc warrior hits you with a +3 glaive of pain!
Things that are here:
a +5 spear of freezing; a +0 robe You hit the wight.
The wight is moderately damaged.
The wight is struck by your spines.
The wight hits you with a +2 spear of freezing.
* * * LOW HITPOINT WARNING * * *
You feel drained.
* * * LOW HITPOINT WARNING * * *
The wight freezes you.
* * * LOW HITPOINT WARNING * * *
The orc warrior misses you.
You barely miss the wight. You kick the wight!
The wight is almost destroyed.
You are no longer berserk.
You are exhausted.
You feel yourself slow down.
Unknown command.
You hit the orc warrior but do no damage.
You kick the orc warrior, but do no damage.
The orc warrior is lightly wounded.
The wight completely misses you.
The orc warrior hits you with a +3 glaive of pain.
* * * LOW HITPOINT WARNING * * *
You writhe in agony.
* * * LOW HITPOINT WARNING * * *
The orc warrior attacks as you move away!
The orc warrior is struck by your spines.
The orc warrior hits you with a +3 glaive of pain!
You die...

...##.......
#####..........
...............
....#.#........
...............
..###..).......
#..Do...?..
#.#zo......
#.#@#.....#
###)#######
##.# #..# #.##
# #.# #. ###.#
#.###...#
#.....####


You could see a steam dragon, an orc warrior (drained), a wight and an orc.

Vanquished Creatures
  Grinder (D:5)
  A wyvern (D:7)
  A steam dragon (D:6)
  Edmund (D:5)
  Duvessa (D:5)
  3 water moccasins
  An ice beast (D:6)
  2 black bears
  A sky beast (D:7)
  A phantom (D:6)
  A centaur (D:7)
  4 kobold brigands
  Blork the orc (D:5)
  5 necrophages
  2 bullfrogs (D:6)
  A scorpion (D:3)
  2 water moccasin zombies (D:6)
  14 wights
  Dowan (D:5)
  5 killer bees (D:8)
  A bullfrog zombie (D:6)
  An orc priest (D:6)
  4 hounds
  3 jellies
  A gnoll shaman (D:4)
  An iguana (D:5)
  8 adders
  16 gnolls
  3 shadow imps
  A white imp (D:5)
  An ufetubus (D:4)
  5 worms (D:2)
  3 dart slugs
  9 orcs
  9 bats
  5 endoplasms
  4 giant cockroaches
  7 hobgoblins
  26 kobolds
  A quokka (D:1)
  10 ball pythons
  3 frilled lizards
  A goblin (D:1)
  8 rats
  A bush (D:6)
181 creatures vanquished.

Vanquished Creatures (others)
  An orc (D:6)
  29 plants
30 creatures vanquished.

Grand Total: 211 creatures vanquished

Notes
Turn   | Place    | Note
-------+----------+-------------------------------------------
     0 | D:1      | ytrimaz the Demonspawn Berserker began the quest for the
                  | Orb.
     0 | D:1      | Reached XP level 1. HP: 18/18 MP: 1/1
   369 | D:1      | Gained mutation: You have large cloven feet. [demonic
                  | ancestry]
   369 | D:1      | Reached XP level 2. HP: 24/24 MP: 2/2
   447 | D:1      | Reached skill level 3 in Maces & Flails
   516 | D:1      | Found a faded altar of an unknown god.
   905 | D:2      | Reached XP level 3. HP: 20/29 MP: 3/3
  1106 | D:2      | Reached ** piety under Trog
  1428 | D:2      | Gained mutation: You have hoof-like feet. [demonic
                  | ancestry]
  1428 | D:2      | Reached XP level 4. HP: 29/35 MP: 4/4
  2088 | D:2      | Upgraded the game from 0.29-a0-384-g6960b1960d to
                  | 0.29-a0-393-g47a863cc1b
  2427 | D:3      | Reached skill level 4 in Maces & Flails
  2729 | D:3      | Found a broken altar of Ashenzari.
  2865 | D:3      | Found an opulent altar of Gozag.
  2866 | D:3      | Found a sparkling altar of Nemelex Xobeh.
  2935 | D:3      | Noticed a scorpion
  2943 | D:3      | Killed a scorpion
  2944 | D:3      | Gained mutation: You are partially covered in sharp spines.
                  | [demonic ancestry]
  2944 | D:3      | Reached XP level 5. HP: 30/42 MP: 5/5
  3318 | D:4      | Found Jidid's Antique Weapon Shoppe.
  3321 | D:4      | Identified the +5 dagger "Uqaashre" {pain, rF+ rC- Will++}
  3628 | D:4      | Reached XP level 6. HP: 40/48 MP: 6/6
  3723 | D:4      | Reached skill level 5 in Maces & Flails
  4196 | D:5      | Entered Level 5 of the Dungeon
  4226 | D:5      | Reached XP level 7. HP: 39/54 MP: 7/7
  4314 | D:5      | Found a shadowy altar of Dithmenos.
  4329 | D:5      | Noticed Blork the orc
  4331 | D:5      | Found a snail-covered altar of Cheibriados.
  4333 | D:5      | Noticed Dowan
  4338 | D:5      | Noticed Duvessa
  4350 | D:5      | Killed Blork the orc
  4352 | D:5      | Killed Duvessa
  4355 | D:5      | Killed Dowan
  4450 | D:5      | Found a glowing drain.
  4460 | D:5      | Reached skill level 1 in Shields
  4478 | D:5      | Reached skill level 6 in Maces & Flails
  4500 | Sewer    | Entered a sewer
  4583 | Sewer    | Gained mutation: You regenerate a little health from kills.
                  | [demonic ancestry]
  4583 | Sewer    | Reached XP level 8. HP: 43/61 MP: 8/8
  4781 | D:5      | Noticed Grinder
  4793 | D:5      | Killed Grinder
  4900 | D:5      | Found a runed translucent gate.
  4900 | D:5      | Found a runed translucent gate.
  4902 | D:5      | Found a runed translucent gate.
  4905 | D:5      | Noticed runemasterragnar's ghost (amateur OpFi)
  4905 | D:5      | Noticed Foxy's ghost (novice PaFi)
  4936 | D:5      | Reached skill level 5 in Fighting
  4995 | D:5      | Reached skill level 5 in Armour
  5351 | D:5      | Noticed Edmund
  5362 | D:5      | Killed Edmund
  5630 | D:6      | Reached skill level 7 in Maces & Flails
  5667 | D:6      | Found a sacrificial altar of Ru.
  5751 | D:6      | Reached XP level 9. HP: 67/68 MP: 9/9
  5759 | D:6      | Reached *** piety under Trog
  5864 | D:6      | Found a staircase to the Ecumenical Temple.
  5876 | Temple   | Entered the Ecumenical Temple
  6072 | D:6      | Found a blossoming altar of Fedhas.
  6236 | D:6      | Reached skill level 8 in Maces & Flails
  6363 | D:7      | Found a radiant altar of Vehumet.
  6586 | D:7      | Found a hide-covered altar of Uskayaw.
  7093 | D:8      | Reached XP level 10. HP: 76/76 MP: 10/10
  7097 | D:8      | Reached skill level 9 in Maces & Flails
  7205 | D:8      | Slain by an orc warrior

Illustrated notes

Levels and vault maps discovered:
D:1:      minmay_arrival_widening_spiral_wide, layout_basic,
          basic_ecumenical_altar, minmay_3d_cube
D:2:      layout_loops_ring, dk_noncrumbling_3
D:3:      layout_basic, grunt_temple_overflow_opulence,
          ashenzari_conservatory_becter, lemuel_crystal_altar, tso_oasis_becter
D:4:      layout_loops_ring, serial_shops, nicolae_shop_statue_plus
D:5:      layout_rooms, mainiacjoe_overflow_catch_the_wave,
          gup_sewer_entry_glass, gammafunk_ghost_cemetery, skrybe_limestone_x,
          kennysheep_small_spiral, uniq_edmund, uniq_grinder, uniq_duvessa,
          uniq_blork_the_orc
D:6:      layout_cave_pools, fedhas_altar_decomposition,
          nicolae_ru_sacrificial_ziggurat, minmay_temple_entry_poolview
D:7:      layout_loops_ring, nicolae_uskayaw_dance_hall, vehumet_altar_wand_db
D:8:      layout_rooms, enter_bailey_2, supply_closet_lemuel
Temple:   dpeg_three_leaves_temple

Skill      XL: |  1  2  3  4  5  6  7  8  9 10 |
---------------+-------------------------------+-----
Maces & Flails | 3 4 5 6 7 8 9 |  9.0
Dodging        | 2 3 4 |  4.7
Armour         | 2 3 4 5 7 |  7.1
Fighting       | 4 5 6 |  6.2
Shields        | 1 2 3 |  3.3

Action                   |  1- 3 |  4- 6 |  7- 9 | 10-12 || total
-------------------------+-------+-------+-------+-------++-------
Melee: Mace              |    83 |   131 |    86 |       ||   300
       Kick              |    14 |    33 |    70 |     6 ||   123
       Punch             |     1 |       |     5 |       ||     6
       Flail             |       |       |   160 |    25 ||   185
Invok: Berserk           |     2 |     2 |     5 |     1 ||    10
       Trog's Hand       |       |     2 |     8 |     1 ||    11
  Use: Scroll            |     3 |     4 |     6 |       ||    13
       Potion            |       |       |       |     3 ||     3
 Stab: Sleeping          |     2 |       |       |       ||     2
Armor: Animal skin       |     6 |       |       |       ||     6
       Scale mail        |    17 |    42 |    61 |     8 ||   128
Dodge: Dodged            |    65 |    80 |   180 |    21 ||   346
Block: Other             |       |    18 |    61 |    11 ||    90
       Reflection        |       |       |     1 |     1 ||     2

Table legend: (Time is in decaauts)
 A = Elapsed time spent in this place.
 B = Non-inter-level travel time spent in this place.
 C = Inter-level travel time spent in this place.
 D = Time resting spent in this place.
 E = Time spent auto-exploring this place.
 F = Levels seen in this place.
 G = Mean time per level.
                   A        B        C        D        E       F      G
               +--------+--------+--------+--------+--------+-----+--------+
         Total |   7322 |   7131 |    191 |      0 |   5772 |  10 |  732.2 |
       Dungeon |   6988 |   6811 |    177 |      0 |   5488 |   8 |  873.5 |
        Temple |     80 |     66 |     14 |      0 |     58 |   1 |   80.0 |
         Sewer |    253 |    253 |      0 |      0 |    226 |   1 |  253.0 |
               +--------+--------+--------+--------+--------+-----+--------+

Top non-repeatable levels by time:
     D:2: 1404 daAuts
     D:5: 1124 daAuts
     D:3: 1058 daAuts
     D:4: 1015 daAuts
     D:1: 790 daAuts
     D:7: 776 daAuts
     D:6: 689 daAuts
   Sewer: 253 daAuts
     D:8: 128 daAuts
  Temple: 80 daAuts
